 Dungeon Crawl Stone Soup version 0.31-a0-1603-gbec6b6ccbf (webtiles) character file.

Game seed: 12173292592266805133

406 grandjackal the Chopper (level 6, -3/51 HPs)
             Began as a Demonspawn Gladiator on Jan 8, 2024.
             Slain by a sleepcap (7 damage)
             ... on level 4 of the Dungeon.
             The game lasted 00:04:26 (3113 turns).

grandjackal the Chopper (Demonspawn Gladiator)      Turns: 3113, Time: 00:04:26

Health: -3/51      AC:  6    Str: 16    XL:     6   Next: 56%
Magic:  6/6        EV: 11    Int: 11    God:
Gold:   144        SH:  0    Dex: 14    Spells: 5/5 levels left

rFire   . . .        a - +0 war axe
rCold   . . .        (no shield)
rNeg    . . .        f - +0 ring mail
rPois   .            (helmet restricted)
rElec   .            r - scarf {shadows}
rCorr   .            (no gloves)
SInv    .            j - +0 pair of boots
Will    .....        (no amulet)
Stlth   +            (no ring)
HPRegen 0.28/turn    (no ring)
MPRegen 0.10/turn

%: no passive effects
@: no status effects
A: antennae 1, powered by death 1, big brain 1
a: no special abilities


You were on level 4 of the Dungeon.
You visited 1 branch of the dungeon, and saw 4 of its levels.

You collected 144 gold pieces.

Inventory:

Hand Weapons
 a - a +0 war axe (weapon)
 n - a +0 flail
Missiles
 d - 3 throwing nets (quivered)
 e - a javelin
Armour
 f - a +0 ring mail (worn)
 j - a +0 pair of boots (worn)
 r - a scarf of shadows (worn)
Jewellery
 i - a ring of protection from cold
Scrolls
 b - 8 scrolls of identify {unknown}
 h - 3 scrolls of amnesia {unknown}
 k - a scroll of teleportation {unknown}
 l - a scroll of revelation {unknown}
 m - a scroll of silence {unknown}
 o - a scroll of blinking {unknown}
 p - a scroll of immolation {unknown}
 s - a scroll of fear {unknown}
Potions
 c - a potion of curing {unknown}
 g - a potion of might {unknown}
 q - a potion of mutation {unknown}


   Skills:
 + Level 5.0 Fighting
 + Level 5.0 Axes
 - Level 2.0 Throwing
 - Level 3.0 Dodging


You had 5 spell levels left.
You didn't know any spells.
Your spell library contained the following spells:

 Spells                   Type           Power      Damage    Failure   Level
 Kiss of Death            Conj/Necr      0%         2d5       56%         1
 Confusing Touch          Hex            0%         N/A       90%         3
 Dazzling Flash           Conj/Hex       0%         N/A       90%         3
 Volatile Blastmotes      Fire/Tloc      0%         2d10      90%         3
 Dispel Undead            Necr           0%         3d6       100%        4
 Starburst                Conj/Fire      0%         6d3       100%        6
 Maxwell's Capacitive Co  Air            0%         ∞         100%        8


Dungeon Overview and Level Annotations

Branches:
Dungeon (4/15)
 Temple: D:4-7

Altars:
Hepliaklqana
Trog

Shops:
D:1 [


Innate Abilities, Weirdness & Mutations

You have a pair of small antennae on your head.
You regenerate a little health from kills.
You have an unusually large brain. (Int +2)


Message History

The sleepcap releases spores at you.
You are engulfed in a cloud of soporific spores!
You fall asleep.
The sleepcap releases spores at you but does no damage.
The sleepcap releases spores at you!!
You wake up.
* * * LOW HITPOINT WARNING * * *
You are engulfed in a cloud of soporific spores!
You are unaffected.
You are too injured to fight recklessly!
You are too injured to fight recklessly!
Unknown command.
You are too injured to fight recklessly!
Unknown command.
You hit the sleepcap but do no damage.
The sleepcap is moderately damaged.
The sleepcap releases spores at you but does no damage.
You hit the sleepcap.
The sleepcap is heavily damaged.
The sleepcap misses you.
You hit the sleepcap but do no damage.
The sleepcap is heavily damaged.
The sleepcap misses you.
You hit the sleepcap but do no damage.
The sleepcap is heavily damaged.
The sleepcap releases spores at you.
* * * LOW HITPOINT WARNING * * *
You are engulfed in a cloud of soporific spores!
You fall asleep.
The sleepcap releases spores at you!
You wake up.
* * * LOW HITPOINT WARNING * * *
You are engulfed in a cloud of soporific spores!
You are unaffected.
Unknown command.
You hit the sleepcap but do no damage.
The sleepcap is heavily damaged.
The sleepcap releases spores at you but does no damage.
You slash the sleepcap!
The sleepcap is severely damaged.
The sleepcap releases spores at you!
You die...

........#######...#
#...##.# #...# ##
##.# #...# ##..#
#...# ##.#.# #..)).
##.###.. .....[..
.. #.##
#...........
....###.##
#..........
....wf@..#
.###......
....##..#.# #
#...... .# #..#.#
.... . ##.##### #.#
..#


You could see a sleepcap and a dart slug.

Vanquished Creatures
  2 scorpions (D:4)
  A hound (D:3)
  An orc priest (D:4)
  2 iguanas
  4 gnolls
  7 adders
  A dart slug (D:4)
  A ribbon worm (D:2)
  4 orcs
  6 bats
  8 endoplasms
  2 giant cockroaches
  5 goblins
  6 hobgoblins
  10 kobolds
  8 ball pythons
  2 frilled lizards (D:1)
  8 rats
78 creatures vanquished.

Notes
Turn   | Place    | Note
-------+----------+-------------------------------------------
     0 | D:1      | grandjackal the Demonspawn Gladiator began the quest for
                  | the Orb.
     0 | D:1      | Reached XP level 1. HP: 16/16 MP: 1/1
   107 | D:1      | Found a faded altar of an unknown god.
   143 | D:1      | Gained mutation: You regenerate a little health from kills.
                  | [demonic ancestry]
   143 | D:1      | Reached XP level 2. HP: 15/22 MP: 2/2
   175 | D:1      | Found Natumar's Armour Emporium.
   839 | D:2      | Reached XP level 3. HP: 26/28 MP: 3/3
  1199 | D:2      | Reached XP level 4. HP: 35/35 MP: 4/4
  1739 | D:3      | Gained mutation: You have a pair of small antennae on your
                  | head. [demonic ancestry]
  1739 | D:3      | Reached XP level 5. HP: 12/42 MP: 5/5
  2157 | D:3      | Found a bloodstained altar of Trog.
  2287 | D:3      | Found a hazy altar of Hepliaklqana.
  2439 | D:4      | HP: 2/42 [poisoned by a scorpion]
  2735 | D:4      | Gained mutation: You have an unusually large brain. (Int
                  | +2) [demonic ancestry]
  2735 | D:4      | Reached XP level 6. HP: 9/49 MP: 6/6
  3074 | D:4      | Reached skill level 5 in Axes
  3103 | D:4      | Reached skill level 5 in Fighting
  3113 | D:4      | Slain by a sleepcap

Illustrated notes

Levels and vault maps discovered:
D:1:      tarquinn_simple_flora_water_f, layout_rooms,
          hellmonk_ecumenical_altar_arch_garden, serial_shops,
          nicolae_shop_crystal, st_stairs_7, hex_tiny, nrook_uturn
D:2:      layout_basic, corexii_item_surrounded_by_moat, minmay_split_cup_small
D:3:      layout_rooms, bloody_trog, lemuel_coloured_pillars_altar,
          serial_glass, glass_columns_a, glass_columns_a, glass_columns_b,
          glass_columns_a, minmay_hedge_maze, nicolae_hexahallways
D:4:      layout_loops_cross, minmay_fountain_box, dreamdust_wishing_well

Skill      XL: |  1  2  3  4  5  6 |
---------------+-------------------+-----
Throwing       | 2 |  2.0
Axes           | 3 4 5 |  5.0
Dodging        | 3 |  3.0
Fighting       | 3 4 5 |  5.0

Action                     |  1- 3 |  4- 6 || total
---------------------------+-------+-------++-------
  Melee: War axe           |   109 |   140 ||   249
         Punch             |       |     3 ||     3
 Armour: Ring mail         |    81 |   119 ||   200
         Leather armour    |     4 |       ||     4
  Dodge: Dodged            |    77 |   102 ||   179

Table legend: (Time is in decaauts)
 A = Elapsed time spent in this place.
 B = Non-inter-level travel time spent in this place.
 C = Inter-level travel time spent in this place.
 D = Time resting spent in this place.
 E = Time spent auto-exploring this place.
 F = Levels seen in this place.
 G = Mean time per level.
                   A        B        C        D        E       F      G
               +--------+--------+--------+--------+--------+-----+--------+
         Total |   3193 |   3158 |     35 |    547 |   1935 |   4 |  798.2 |
       Dungeon |   3193 |   3158 |     35 |    547 |   1935 |   4 |  798.2 |
               +--------+--------+--------+--------+--------+-----+--------+

Top non-repeatable levels by time:
     D:3: 1349 daAuts
     D:2: 751 daAuts
     D:1: 644 daAuts
     D:4: 448 daAuts
